 Dungeon Crawl Stone Soup version 0.23-a0-607-g760965b7 (webtiles) character file.

4337 Domo the Archer (level 10, 0/90 HPs)
             Began as a Centaur Hunter on Dec 12, 2018.
             Was a Believer of Okawaru.
             Slain by a crocodile (3 damage)
             ... on level 7 of the Dungeon on Dec 20, 2018.
             The game lasted 02:02:09 (10108 turns).

Domo the Archer (Centaur Hunter)                   Turns: 10108, Time: 02:02:09

Health: 0/90       AC:  7    Str: 16    XL:     10   Next: 12%
Magic:  10/10      EV:  1    Int: 10    God:    Okawaru [**....]
Gold:   558        SH:  0    Dex: 12    Spells: 5/9 levels left

rFire    . . .     SeeInvis +   a - +1 shortbow
rCold    + . .     Gourm    .   (shield currently unavailable)
rNeg     + + +     Faith    .   k - +0 ring mail
rPois    ∞         Spirit   .   (no helmet)
rElec    .         Reflect  .   J - +0 cloak
rCorr    .         Harm     .   (no gloves)
MR       .....                  (no barding)
Stlth    ..........             p - amulet of magic regeneration
HPRegen  0.25/turn              C - ring of see invisible
MPRegen  0.37/turn              B - ring of protection from cold

@: petrified, very quick
A: large, hooves 3, deformed body, speed 2, tough skin 3
a: Heroism, Renounce Religion


You were on level 7 of the Dungeon.
You worshipped Okawaru.
Okawaru was pleased with you.
You were very hungry.

You visited 2 branches of the dungeon, and saw 9 of its levels.

You collected 558 gold pieces.

Inventory:

Hand Weapons
 a - a +1 shortbow (weapon)
 b - a +0 short sword
 E - a +3 short sword of draining
Missiles
 d - 60 arrows (quivered)
Armour
 c - a +0 leather armour
 k - a +0 ring mail (worn)
 x - a +0 pair of gloves
 G - a +0 ring mail
 J - a +0 cloak (worn)
Jewellery
 i - an uncursed ring of positive energy
 p - an amulet of magic regeneration (around neck)
 s - an uncursed ring of flight
 B - a ring of protection from cold (right hand)
 C - a ring of see invisible (left hand)
Wands
 j - a wand of disintegration (6)
 D - a wand of acid (12)
 F - a wand of random effects (13)
Scrolls
 l - 6 scrolls of identify
 m - 4 scrolls of blinking {unknown}
 o - a scroll of random uselessness {unknown}
 q - 2 scrolls of magic mapping {unknown}
 r - a scroll of fog {unknown}
 u - 6 scrolls of remove curse
 y - a scroll of immolation {unknown}
 z - 2 scrolls of teleportation {unknown}
 A - a scroll of enchant weapon {unknown}
 H - a scroll of enchant armour {unknown}
Potions
 e - a potion of might
 g - 5 potions of flight {unknown}
 h - a potion of mutation {unknown}
 n - 3 potions of brilliance
 t - a potion of heal wounds {unknown}
 v - 3 potions of invisibility {unknown}
 w - 2 potions of lignification {unknown}
 K - a potion of curing
Comestibles
 f - 16 rations


   Skills:
 * Level 8.5 Fighting
 + Level 3.2 Short Blades
 - Level 14.0 Bows
 + Level 3.1 Armour
 + Level 2.0 Dodging
 - Level 0.4 Stealth


You had 5 spell levels left.
You knew the following spells:

 Your Spells              Type           Power        Failure   Level  Hunger
a - Blink                 Tloc           N/A          71%         2    ###....
b - Slow                  Hex            #.......     71%         2    ###....

Your spell library contained the following spells:

 Spells                   Type           Power        Failure   Level  Hunger
 Flame Tongue             Conj/Fire      #....        56%         1    ##.....
 Magic Dart               Conj           #...         56%         1    ##.....
 Call Imp                 Summ           #.......     71%         2    ###....
 Throw Flame              Conj/Fire      #.....       71%         2    ###....
 Conjure Flame            Conj/Fire      #.......     91%         3    ####...
 Inner Flame              Hex/Fire       #.......     91%         3    ####...
 Mephitic Cloud           Conj/Pois/Air  #.......     91%         3    ####...
 Sticky Flame             Conj/Fire      #.......     100%        4    #####..
 Fireball                 Conj/Fire      #.........   100%        5    ######.


Dungeon Overview and Level Annotations

Branches:
Dungeon (8/15)             Temple (1/1) D:7
   Lair: D:8-11

Altars:
Ashenzari
Cheibriados
Dithmenos
Elyvilon
Fedhas
Gozag
Hepliaklqana
Kikubaaqudgha
Makhleb
Nemelex Xobeh
Okawaru
Qazlal
Ru
Trog
Uskayaw
Vehumet
Wu Jian
Xom
Zin
The Shining One

Shops:
D:5 }

Annotations:
D:5 1 transporter


Innate Abilities, Weirdness & Mutations

You have hooves in place of feet.
Armour fits poorly on your strangely shaped body.
You cover ground very quickly.
You have extremely tough skin. (AC +3)


Message History

Your limbs are stiffening.
The basilisk gazes at you. You resist with some effort.
You have turned to stone.
The basilisk gazes at you. The crocodile bites you!
* * * LOW HITPOINT WARNING * * *
The crocodile bites you.
* * * LOW HITPOINT WARNING * * *
The crocodile bites you.
* * * LOW HITPOINT WARNING * * *
The basilisk gazes at you. You resist with some effort.
The crocodile bites you!
* * * LOW HITPOINT WARNING * * *
The basilisk bites you!
* * * LOW HITPOINT WARNING * * *
The crocodile bites you but does no damage.
The basilisk bites you but does no damage.
The crocodile bites you.
You die...

#.).).#..............P>...#.....
##...................P..PP.......
...........................#.....
...............^.................
......#....................#.....
......#....................##....
......#...##########.......##....
...............)..[[........#...#
.##.##..........@t....#####.#...#
.................l....#......#.##
.##..........................#.##
.##..............)...........#.##
.##..#...........................
..........#########......###....)
.................................
#................##..............
#.....####.......##..............


You could see a basilisk and a crocodile.

Vanquished Creatures
  An elephant (D:7)
  Grinder (D:6)
  2 hippogriffs
  2 hungry ghosts
  A necrophage (D:4)
  2 ice beasts
  2 orc warriors (D:7)
  4 sky beasts
  A black bear (D:6)
  A hornet zombie (D:6)
  2 ogres (D:7)
  A phantom (D:4)
  3 centaurs
  2 bullfrogs (D:7)
  A big kobold (D:7)
  2 howler monkeys
  5 crimson imps
  2 centaur zombies (D:5)
  6 bullfrog zombies
  6 hounds
  A bullfrog skeleton (D:5)
  A gnoll shaman (D:7)
  4 orc priests
  An iguana (D:7)
  3 orc wizards
  Jessica (D:3)
  Terence (D:3)
  Natasha (thrice) (D:3)
  2 worker ants (D:5)
  A killer bee zombie (D:6)
  A hound skeleton (D:6)
  A worker ant zombie (D:6)
  4 gnolls (D:7)
  7 adders
  A shadow imp (D:6)
  2 adder zombies (D:6)
  An ooze (D:4)
  2 adder skeletons
  2 worms
  A dart slug (D:1)
  4 leopard geckos
  20 orcs
  5 giant cockroaches
  17 goblins
  16 hobgoblins
  16 jackals
  13 kobolds
  10 bats
  4 frilled lizards
  A jackal zombie (D:6)
  A quokka skeleton (D:6)
  7 rats
201 creatures vanquished.

Notes
Turn   | Place    | Note
-------+----------+-------------------------------------------
     0 | D:1      | Domo the Centaur Hunter began the quest for the Orb.
     0 | D:1      | Reached XP level 1. HP: 17/17 MP: 1/1
   117 | D:1      | Reached XP level 2. HP: 23/24 MP: 2/2
   122 | D:1      | Reached skill level 6 in Bows
   710 | D:1      | Reached XP level 3. HP: 28/29 MP: 3/3
   855 | D:2      | Found a faded altar of an unknown god.
   878 | D:2      | Found a blossoming altar of Fedhas.
  1352 | D:2      | Reached skill level 7 in Bows
  1430 | D:2      | Found a white marble altar of Elyvilon.
  1750 | D:3      | Found a glowing silver altar of Zin.
  1782 | D:3      | Noticed Terence
  1950 | D:3      | Killed Terence
  1950 | D:3      | Reached XP level 4. HP: 22/36 MP: 4/4
  2159 | D:3      | Found a shattered altar of Ashenzari.
  2176 | D:3      | Noticed Natasha
  2188 | D:3      | Killed Natasha
  2265 | D:3      | Noticed Jessica
  2269 | D:3      | Killed Jessica
  2269 | D:3      | Reached XP level 5. HP: 42/42 MP: 5/5
  2296 | D:3      | Noticed Natasha
  2310 | D:3      | Killed Natasha
  2598 | D:3      | Noticed Natasha
  2608 | D:3      | Killed Natasha
  2608 | D:3      | Reached skill level 8 in Bows
  2920 | D:4      | Noticed a sky beast
  2956 | D:4      | Killed a sky beast
  2956 | D:4      | Reached XP level 6. HP: 26/52 MP: 6/6
  3182 | D:4      | Found an ornate altar of the Wu Jian Council.
  3322 | D:4      | Reached skill level 9 in Bows
  4005 | D:5      | Entered Level 5 of the Dungeon
  4059 | D:4      | Reached XP level 7. HP: 34/59 MP: 7/7
  4154 | D:4      | Reached skill level 1 in Short Blades
  4154 | D:4      | Reached skill level 1 in Armour
  4488 | D:5      | Found a sparkling altar of Nemelex Xobeh.
  4488 | D:5      | Found a transporter.
  4520 | D:5      | Reached skill level 10 in Bows
  4524 | D:5      | Found Epnicuos's Gadget Boutique.
  4794 | D:5      | Found an ancient bone altar of Kikubaaqudgha.
  4801 | D:5      | Found a burning altar of Makhleb.
  4961 | D:5      | Reached skill level 11 in Bows
  4961 | D:5      | Reached XP level 8. HP: 66/66 MP: 8/8
  4964 | D:5      | Reached skill level 5 in Fighting
  5159 | D:5      | Found a snail-covered altar of Cheibriados.
  5593 | D:6      | Found a glowing golden altar of the Shining One.
  6073 | D:6      | Found a sparkling altar of Nemelex Xobeh.
  6086 | D:6      | Noticed Grinder
  6113 | D:6      | Paralysed by Grinder for 3 turns
  6129 | D:6      | Killed Grinder
  6129 | D:6      | Reached skill level 12 in Bows
  6638 | D:6      | Found a glowing golden altar of the Shining One.
  6646 | D:6      | Reached XP level 9. HP: 71/75 MP: 9/9
  7317 | D:7      | Upgraded the game from 0.23-a0-558-g30802b1 to
                  | 0.23-a0-573-g25f4479
  7382 | D:7      | Reached skill level 13 in Bows
  7466 | D:7      | Found a staircase to the Ecumenical Temple.
  7579 | Temple   | Entered the Ecumenical Temple
  7580 | Temple   | Upgraded the game from 0.23-a0-573-g25f4479 to
                  | 0.23-a0-586-gacb4b3f
  7709 | Temple   | Became a worshipper of Warmaster Okawaru
  9119 | D:7      | Upgraded the game from 0.23-a0-586-gacb4b3f to
                  | 0.23-a0-607-g760965b7
  9257 | D:7      | Reached * piety under Okawaru
  9358 | D:7      | Reached skill level 14 in Bows
  9638 | D:7      | Learned a level 2 spell: Blink
  9641 | D:7      | Learned a level 2 spell: Slow
  9910 | D:8      | Noticed an elephant
  9936 | D:8      | Reached XP level 10. HP: 88/88 MP: 10/10
 10027 | D:7      | Killed an elephant
 10027 | D:7      | Reached ** piety under Okawaru
 10106 | D:7      | HP: 3/90 [basilisk (7)]
 10108 | D:7      | Slain by a crocodile

Vault maps used:
D:1:      dpeg_arrival_simpleton_b
D:2:      nicolae_overflow_hidden_temple,
          chequers_ecumenical_altar_simple_redux, first_ration, minivault_4,
          minmay_statues_item, fedhas_ov_isle_minmay
D:3:      zin_academy, hangedman_abyss_or_decor_stabs,
          nicolae_ashenzari_panopticon, uniq_jessica, uniq_natasha, uniq_terence
D:4:      kennysheep_goblin_castle, overflow_temple_1_default
D:5:      slow_altar_2, grunt_temple_overflow_open, serial_shops,
          nicolae_shop_trees, grunt_nemelex_the_gamble
D:6:      old_standard_altar, lemuel_doored_altar, serial_undead,
          serial_undead_a, serial_undead_c, serial_undead_d, serial_undead_e,
          serial_undead_b, basic_altar, grunt_decor_arrowhead, uniq_grinder
D:7:      kennysheep_housing_project, minmay_temple_entry_overgrown
D:8:      kennysheep_mini, david_lair_generic
Temple:   minmay_temple_curvy_loop

Skill      XL: |  1  2  3  4  5  6  7  8  9 |
---------------+----------------------------+-----
Bows           | 6 7 8 9 11 12 14 | 14.0
Fighting       | 3 4 5 8 |  8.5
Short Blades   | 1 2 3 |  3.2
Armour         | 1 2 3 |  3.1
Dodging        | 2 |  2.0
Stealth        | |  0.4

Action                   |  1- 3 |  4- 6 |  7- 9 | 10-12 || total
-------------------------+-------+-------+-------+-------++-------
Melee: Short sword       |    51 |    70 |   138 |       ||   259
       Kick              |     7 |    15 |    34 |       ||    56
 Fire: Shortbow          |   104 |   120 |   561 |    18 ||   803
  Use: Scroll            |     3 |     1 |       |       ||     4
       Potion            |       |       |     2 |       ||     2
  Eat: Chunk             |     1 |     6 |     8 |       ||    15
       Ration            |       |       |     2 |       ||     2
Armor: Leather armour    |    12 |       |       |       ||    12
       Ring mail         |    19 |    49 |    93 |    17 ||   178
Dodge: Dodged            |    32 |    55 |   113 |     3 ||   203

Table legend:
 A = Non-vault XP
 B = Vault XP
 C = Vault XP percentage of total XP
 D = Non-vault monster count
 E = Vault monster count
 F = Vault count percentage of total count
                 A         B        C        D         E       F
            +---------+---------+-------+---------+---------+-------
      Total |    3616 |    2580 |  41.6 |     140 |      61 |  30.3
            +---------+---------+-------+---------+---------+-------
        D:1 |      43 |       0 |   0.0 |      25 |       0 |   0.0
        D:2 |      43 |       0 |   0.0 |      20 |       0 |   0.0
        D:3 |     102 |     108 |  51.4 |      13 |       3 |  18.8
        D:4 |     630 |      25 |   3.8 |      22 |      12 |  35.3
        D:5 |     739 |       5 |   0.7 |      28 |       1 |   3.4
        D:6 |     842 |     687 |  44.9 |      14 |      13 |  48.1
        D:7 |    1217 |    1489 |  55.0 |      18 |      31 |  63.3
        D:8 |       0 |     266 | 100.0 |       0 |       1 | 100.0
            +---------+---------+-------+---------+---------+-------
